 Dungeon Crawl Stone Soup version 0.26-b1-32-g5d43845318 (webtiles) character file.

Game seed: 15406871422893909529

62 Sekiam the Scratcher (level 3, -3/17 HPs)
             Began as a Felid Fighter on Jan 12, 2021.
             Slain by an orc priest
             ... wielding a +0 club
              (6 damage)
             ... on level 2 of the Dungeon.
             The game lasted 00:01:48 (1521 turns).

Sekiam the Scratcher (Felid Fighter)                Turns: 1521, Time: 00:01:48

Health: -3/17      AC:  1    Str: 12    XL:     3   Next: 85%
Magic:  4/4        EV: 20    Int:  9    God:
Gold:   80         SH:  0    Dex: 16    Spells: 2/2 levels left
                                        Lives:  0   Deaths: 0

rFire    . . .     SeeInvis +     - Unarmed
rCold    . . .     Faith    .   (shield unavailable)
rNeg     . . .     Spirit   .   (armour unavailable)
rPois    .         Reflect  .   (helmet unavailable)
rElec    .         Harm     .   (cloak unavailable)
rCorr    .         Rampage  .   (gloves unavailable)
Will     .....                  (boots unavailable)
Stlth    ++........             (no amulet)
HPRegen  0.05/turn              (no ring)
MPRegen  0.09/turn              (no ring)

@: slowed, slow
A: very small, no armour, no weapons or thrown items, stealth, claws 1, fangs 3,
see invisible, speed 1, shaggy fur 1, sharp paws
a: no special abilities


You were on level 2 of the Dungeon.
You visited 1 branch of the dungeon, and saw 2 of its levels.

You collected 80 gold pieces.

Inventory:

Armour
 h - a +1 helmet
Scrolls
 c - a scroll of remove curse
 d - a scroll of blinking {unknown}
 e - 2 scrolls of identify
Potions
 a - a potion of might
 b - a potion of degeneration {unknown}
 f - a potion of brilliance {unknown}
 g - 2 potions of cancellation {unknown}


   Skills:
 + Level 3.2 Fighting
 + Level 4.4 Dodging
 + Level 0.4 Stealth
 + Level 5.1 Unarmed Combat


You had 2 spell levels left.
You didn't know any spells.
Your spell library was empty.

Dungeon Overview and Level Annotations

Branches:
Dungeon (2/15)

Altars:
Elyvilon
Okawaru


Innate Abilities, Weirdness & Mutations

You cannot wear armour.
You are incapable of wielding weapons or throwing items.
Your paws allow you to move quietly. (Stealth)
You have sharp claws.
You have razor-sharp teeth.
You have supernaturally acute eyesight. (SInv)
You cover ground quickly.
You are covered in fur. (AC +1)
Your sharp claws are effective at attacking unaware monsters.


Message History

Things that are here:
a +0 hand axe; a +0 whip; an orc corpse An orc wizard comes into view.
It is wielding a +0 dagger.
You barely miss the orc priest.
The orc priest shouts!
The orc wizard shouts!
The orc wizard casts a spell at you. You resist with some effort.
The orc priest hits you with a +0 club.
You barely miss the orc priest.
You claw the orc priest, but do no damage.
The orc wizard casts a spell.
The orc wizard seems to speed up.
The orc priest hits you with a +0 club.
* * * LOW HITPOINT WARNING * * *
You scratch the orc priest but do no damage.
You bite the orc priest.
The orc priest is moderately wounded.
You scratch the orc priest.
The orc priest is severely wounded.
The orc wizard points at you and mumbles some strange words.
You feel yourself slow down. The orc priest hits you with a +0 club.
You die...

###+################
#.##...).. #..
#.#....... #.# #.......
#.## #....... ### ...
#.#'#### .... #.#
#.#.#.#... #...###.#
#.#.#.....
#.......######.#.....#.
#o@.)...##.#######.
#.#####.##....# #. #o
#.....# #. ..
#.....######. ###
#.....#......
#########.....#.#####
#.............'.#
#....###......###
#.[..# #......#


You could see an orc priest and an orc wizard (fast).

Vanquished Creatures
  Terence (D:2)
  2 leopard geckos (D:1)
  3 orcs (D:2)
  2 bats
  2 giant cockroaches (D:1)
  3 goblins (D:1)
  2 hobgoblins
  3 jackals (D:2)
  A quokka (D:2)
  2 frilled lizards (D:2)
  5 kobolds
  4 rats
30 creatures vanquished.

Notes
Turn   | Place    | Note
-------+----------+-------------------------------------------
     0 | D:1      | Sekiam the Felid Fighter began the quest for the Orb.
     0 | D:1      | Reached XP level 1. HP: 10/10 MP: 2/2
   400 | D:1      | Reached XP level 2. HP: 4/14 MP: 3/3
  1052 | D:2      | Noticed Terence
  1063 | D:2      | Killed Terence
  1064 | D:2      | Reached XP level 3. HP: 10/17 MP: 4/4
  1282 | D:2      | Reached skill level 5 in Unarmed Combat
  1467 | D:2      | Found a white marble altar of Elyvilon.
  1469 | D:2      | Found an iron altar of Okawaru.
  1521 | D:2      | Slain by an orc priest

Illustrated notes

Levels and vault maps discovered:
D:1:      ebering_trefoil_3fold, layout_rooms
D:2:      layout_basic, minitemple, palyth_stone_intersect, uniq_terence

Skill      XL: |  1  2  3 |
---------------+----------+-----
Unarmed Combat | 5 |  5.1
Fighting       | |  3.2
Dodging        | |  4.4
Stealth        | |  0.4

Action                   || total
-------------------------++-------
Melee: Unarmed           ||    91
       Bite              ||     7
       Punch             ||     3
  Use: Scroll            ||     3
 Stab: Sleeping          ||     2
Armor: Skin              ||     4
Dodge: Dodged            ||    50
